 Dungeon Sprint DCSS version 0.21-a0-414-gba8bdf1 (webtiles) character file.

16762 Kidiri the Fighter (level 12, -17/86 HPs)
             Began as a Gargoyle Fighter on Nov 2, 2017.
             Was a High Priest of Okawaru.
             Killed from afar by an ogre mage (62 damage)
             ... with a crystal spear
             ... in the Dungeon (Sprint IX: "|||||||||||||||||||||||||||||").
             The game lasted 00:18:53 (4296 turns).

Kidiri the Fighter (Gargoyle Fighter)               Turns: 4296, Time: 00:18:54

Health: -17/86     AC: 40    Str: 22    XL:     12   Next: 40%
Magic:  12/17      EV: 14    Int: 10    God:    Okawaru [*****.]
Gold:   355        SH: 20    Dex: 15    Spells: 11/11 levels left

rFire    . . .     SeeInvis .   x - +2 morningstar (crush)
rCold    . . .     Gourm    .   c - +0 shield
rNeg     + . .     Faith    .   t - +2 plate armour
rPois    ∞         Spirit   .   w - +2 hat
rElec    +         Reflect  .   H - +1 cloak
rCorr    .         Harm     .   (no gloves)
MR       .....     Clarity  +   u - +0 pair of boots Stlth ++........NoTele +
                                X - amulet of regeneration
HPRegen  0.64/turn              r - +2 ring of protection
MPRegen  0.15/turn              G - +4 ring of dexterity

@: heroism, finesse
A: beak, claws 1, large bone plates 1, yellow scales 1, clarity, negative energy
resistance 1, electricity resistance, unbreathing, petrification resistance, rot
immunity, subdued magic 1, AC +8
a: Heroism, Finesse, Renounce Religion


You were in the Dungeon.
You worshipped Okawaru.
Okawaru was extremely pleased with you.
You were not hungry.

You visited 1 branch You collected 1937 gold pieces.
You spent 1582 gold pieces at shops.

Inventory:

Hand Weapons
 x - a +2 morningstar of crushing (weapon)
Missiles
 y - 2 silver javelins
 E - 20 stones (quivered)
 F - 5 throwing nets
 S - 2 tomahawks
 T - 4 poisoned javelins
Armour
 c - a +0 shield (worn)
 t - a +2 plate armour (worn)
 u - a +0 pair of boots (worn)
 w - a +2 hat (worn)
 H - a +1 cloak (worn)
Jewellery
 r - a +2 ring of protection (left claw)
 G - a +4 ring of dexterity (right claw)
 X - an amulet of regeneration (around neck)
Wands
 n - a wand of lightning (4/15)
 q - a wand of acid (7/15)
Scrolls
 a - 3 scrolls of identify
 b - 3 scrolls of fog
 j - 7 scrolls of enchant armour
 k - 4 scrolls of blinking
 o - 6 scrolls of remove curse
 p - 2 scrolls of amnesia
 V - 4 scrolls of enchant weapon
 W - 2 scrolls of fear
Potions
 d - a potion of might
 e - 11 potions of curing
 g - 9 potions of heal wounds
 h - 3 potions of haste
 i - 4 potions of magic
 m - 2 potions of invisibility
 s - a potion of berserk rage
 N - a potion of mutation
 O - a potion of cancellation
 P - 3 potions of agility
 Q - a potion of resistance
Comestibles
 f - 13 bread rations
 l - 29 fruits
 B - 12 meat rations


   Skills:
 * Level 14.3(19.3) Fighting
 * Level 12.9(17.9) Maces & Flails
 + Level 8.4(13.4) Throwing
 * Level 14.3(19.3) Armour
 + Level 7.7(12.7) Dodging
 + Level 10.8(15.8) Stealth
 * Level 14.2(19.2) Shields
 + Level 6.7 Invocations
 + Level 5.4 Evocations


You had 11 spell levels left.
You didn't know any spells.

Dungeon Overview and Level Annotations

Branches:
Dungeon (1/1)

Altars:
Cheibriados
Dithmenos
Elyvilon
Fedhas
Gozag
Hepliaklqana
Kikubaaqudgha
Makhleb
Nemelex Xobeh
Okawaru
Qazlal
Ru
Sif Muna
Trog
Uskayaw
Vehumet
Wu Jian
Xom
Yredelemnul
Zin
The Shining One
Beogh
Jiyva
Lugonu

Shops:
D [?=


Innate Abilities, Weirdness & Mutations

You are resistant to torment.
Your stone body is resilient. (AC +8)
You are immune to poison.
You resist negative energy. (rN+)
You are resistant to electric shocks. (rElec)
You can survive without breathing.
You are immune to petrification.
You are immune to rotting.
You have a beak for a mouth.
You have sharp fingernails.
You are partially covered in large bone plates. (SH +4)
You are partially covered in yellow scales. (AC +2)
You possess an exceptional clarity of mind.
Your spells are a little easier to cast, but a little less powerful.


Message History

The wyvern bites you but does no damage.
You block the wyvern's attack.
You impale the wyvern!! You peck the wyvern, but do no damage.
The wyvern is severely wounded.
You hear a shout!
You bludgeon the wyvern!!
You kill the wyvern!
Okawaru accepts your kill.
Unknown command.
An ogre mage comes into view. It is wielding a whip.
You block the centaur warrior's attack.
An ogre mage opens the door.
The centaur warrior barely misses you.
Things that are here:
a wyvern corpse; a bullfrog corpse You sock the centaur warrior!
You peck the centaur warrior.
The centaur warrior is moderately wounded.
The ogre mage gestures at you while chanting.
The crystal spear hits you!
Ouch! That really hurt!
You die...

▓.▓∩▓.▓.▓.▓.▓
▓O▓.▓.▓.▓.▓.▓'▓
▓{▓.▓∩▓.▓.▓.▓.▓
▓c▓.▓.▓.▓.▓.▓.▓
▓5▓.▓∩▓.▓.▓.▓.▓
▓C▓.▓.▓.▓.▓.▓.▓
▓O▓.▓∩▓.▓.▓.▓.▓
▓c▓.▓.▓.▓.▓.▓.▓
▓@▓.▓.▓.▓.▓.▓.▓
▓†▓.▓.▓.▓.▓.▓.▓
▓'▓.▓.▓.▓.▓.▓.▓
▓O▓.▓.▓.▓'▓.▓'▓
▓.▓.▓'▓.▓.▓.▓_▓
▓.▓.▓.▓.▓.▓.▓_▓
▓.▓.▓.▓.▓.▓.▓_▓
▓.▓.▓.▓.▓.▓.▓_▓
▓.▓.▓.▓.▓.▓.▓_▓


You could see a frost giant, a centaur warrior, 3 ogre magi, a yaktaur and a
crimson imp.

Vanquished Creatures
  A dire elephant (D)
  Josephine (D)
  Harold (D)
  A catoblepas (D)
  A centaur warrior (D)
  A two-headed ogre (D)
  4 orc high priests (D)
  A fire crab (shapeshifter) (D)
  2 orc knights (D)
  7 elephants (D)
  A black mamba (D)
  Maurice (D)
  2 spiny frogs (D)
  2 komodo dragons (D)
  A troll (D)
  A dream sheep (D)
  A blink frog (D)
  2 hippogriffs (D)
  A yak (D)
  3 wraiths (D)
  2 wyverns (D)
  Grum (D)
  A vampire mosquito (D)
  A water moccasin (D)
  9 orc warriors (D)
  3 porcupines (D)
  A sky beast (D)
  3 wolves (D)
  2 crocodiles (D)
  4 bullfrogs (D)
  A scorpion (D)
  2 crimson imps (D)
  A jelly (D)
  2 orc wizards (D)
  14 orc priests (D)
  An adder skeleton (D)
  A dart slug (D)
  2 leopard geckos (D)
  8 orcs (D)
  A bat (D)
  A ball python (D)
  2 frilled lizards (D)
  A kobold (D)
  A leopard gecko zombie (D)
  A quokka zombie (D)
101 creatures vanquished.

Vanquished Creatures (others)
  A spatial maelstrom (D)
1 creature vanquished.

Grand Total: 102 creatures vanquished

Notes
Turn   | Place    | Note
-------+----------+-------------------------------------------
     0 | D        | Kidiri the Gargoyle Fighter began the quest for the Orb.
     0 | D        | Reached XP level 1. HP: 14/14 MP: 1/1
     5 | D        | Banished a spatial maelstrom
    82 | D        | Noticed a crimson imp
    82 | D        | Noticed a scorpion
    88 | D        | Reached XP level 2. HP: 19/20 MP: 2/2
    94 | D        | Killed a scorpion
    94 | D        | Reached skill level 5 in Fighting
    94 | D        | Reached skill level 1 in Throwing
    94 | D        | Reached skill level 1 in Dodging
    94 | D        | Reached skill level 1 in Stealth
    94 | D        | Reached XP level 3. HP: 12/26 MP: 3/3
   116 | D        | Reached skill level 5 in Armour
   116 | D        | Reached skill level 5 in Shields
   116 | D        | Reached XP level 4. HP: 16/31 MP: 4/4
   157 | D        | Found a roughly hewn altar of Beogh.
   157 | D        | Found a snail-covered altar of Cheibriados.
   157 | D        | Found a shadowy altar of Dithmenos.
   157 | D        | Found a white marble altar of Elyvilon.
   157 | D        | Found a blossoming altar of Fedhas.
   157 | D        | Found an opulent altar of Gozag.
   158 | D        | Found a hazy altar of Hepliaklqana.
   159 | D        | Found a viscous altar of Jiyva.
   160 | D        | Found an ancient bone altar of Kikubaaqudgha.
   161 | D        | Found a corrupted altar of Lugonu.
   162 | D        | Found a burning altar of Makhleb.
   163 | D        | Found a sparkling altar of Nemelex Xobeh.
   164 | D        | Found an iron altar of Okawaru.
   165 | D        | Found a stormy altar of Qazlal.
   166 | D        | Found a sacrificial altar of Ru.
   167 | D        | Found a deep blue altar of Sif Muna.
   168 | D        | Found a bloodstained altar of Trog.
   169 | D        | Found a hide-covered altar of Uskayaw.
   170 | D        | Found a radiant altar of Vehumet.
   171 | D        | Found an ornate altar of the Wu Jian Council.
   172 | D        | Became a worshipper of Warmaster Okawaru
   173 | D        | Found a shimmering altar of Xom.
   174 | D        | Found a basalt altar of Yredelemnul.
   175 | D        | Found a glowing silver altar of Zin.
   176 | D        | Found a glowing golden altar of the Shining One.
   343 | D        | Noticed a troll
   343 | D        | Noticed a sky beast
   343 | D        | Noticed a bullfrog
   346 | D        | Reached XP level 5. HP: 18/36 MP: 5/5
   365 | D        | Reached skill level 5 in Maces & Flails
   376 | D        | Killed a sky beast
   376 | D        | Reached * piety under Okawaru
   376 | D        | Reached XP level 6. HP: 21/42 MP: 6/6
   382 | D        | Killed a troll
   382 | D        | Reached ** piety under Okawaru
   382 | D        | Reached skill level 5 in Stealth
   382 | D        | Reached XP level 7. HP: 23/48 MP: 7/7
   403 | D        | Gained mutation: Your spells are a little easier to cast, but a little less powerful. [mutagenic meat]
   404 | D        | Gained mutation: You are partially covered in large bone plates. (SH +4) [mutagenic meat]
   405 | D        | Gained mutation: You are partially covered in yellow scales. (AC +2) [mutagenic meat]
   406 | D        | Gained mutation: You have a beak for a mouth. [mutagenic meat]
   407 | D        | Gained mutation: You possess an exceptional clarity of mind. [mutagenic meat]
   408 | D        | Gained mutation: You have sharp fingernails. [mutagenic meat]
   575 | D        | Noticed a centaur warrior
   575 | D        | Noticed a wyvern
   575 | D        | Noticed a vampire mosquito
   575 | D        | Noticed a two-headed ogre
   584 | D        | Killed a two-headed ogre
   584 | D        | Reached *** piety under Okawaru
   584 | D        | Reached XP level 8. HP: 48/56 MP: 5/8
   592 | D        | Killed a wyvern
   592 | D        | Received a gift from Okawaru
   601 | D        | Killed a centaur warrior
   601 | D        | Reached skill level 10 in Fighting
   601 | D        | Reached skill level 5 in Throwing
   601 | D        | Reached skill level 10 in Armour
   601 | D        | Reached skill level 10 in Shields
   601 | D        | Reached XP level 9. HP: 51/62 MP: 7/9
   864 | D        | Noticed a spiny frog
   864 | D        | Noticed a spiny frog
   868 | D        | Noticed a black mamba
   870 | D        | Reached skill level 5 in Dodging
   874 | D        | Reached **** piety under Okawaru
   880 | D        | Killed a spiny frog
   884 | D        | Killed a spiny frog
   895 | D        | Killed a black mamba
   895 | D        | Reached skill level 10 in Maces & Flails
   895 | D        | Reached XP level 10. HP: 47/70 MP: 10/10
   900 | D        | Reached ***** piety under Okawaru
   904 | D        | Received a gift from Okawaru
  1020 | D        | Reached skill level 1 in Invocations
  1023 | D        | Reached skill level 1 in Evocations
  1043 | D        | Received a gift from Okawaru
  1233 | D        | Noticed an elephant
  1233 | D        | Noticed an elephant
  1233 | D        | Noticed an elephant
  1233 | D        | Noticed an elephant
  1233 | D        | Noticed an elephant
  1233 | D        | Noticed a dire elephant
  1248 | D        | Killed a dire elephant
  1257 | D        | Killed an elephant
  1260 | D        | Killed an elephant
  1260 | D        | Reached XP level 11. HP: 36/76 MP: 5/13
  1270 | D        | Received a gift from Okawaru
  1680 | D        | Noticed Maurice
  1693 | D        | Killed Maurice
  1744 | D        | Noticed Grum
  1754 | D        | Killed Grum
  2002 | D        | Noticed an orc knight
  2032 | D        | Killed an orc knight
  2043 | D        | Noticed an orc knight
  2070 | D        | Killed an orc knight
  2070 | D        | Reached skill level 10 in Stealth
  2070 | D        | Reached skill level 5 in Invocations
  2609 | D        | Found Telor's Distillery.
  2609 | D        | Noticed an orc high priest
  2609 | D        | Noticed an orc high priest
  2612 | D        | Found Waenut's Jewellery Shop.
  2615 | D        | Noticed a sun demon
  2622 | D        | Noticed an orc high priest
  2626 | D        | Killed an orc high priest
  2633 | D        | Killed an orc high priest
  2637 | D        | Found Voampump's Magic Scroll Boutique.
  2641 | D        | Found Weut's Antique Armour Shop.
  2648 | D        | Killed an orc high priest
  2648 | D        | Received a gift from Okawaru
  2678 | D        | Bought a potion of invisibility for 80 gold pieces
  2678 | D        | Bought a potion of haste for 100 gold pieces
  2678 | D        | Bought a potion of mutation for 80 gold pieces
  2678 | D        | Bought a potion of cancellation for 80 gold pieces
  2678 | D        | Bought a potion of curing for 30 gold pieces
  2678 | D        | Bought a potion of agility for 40 gold pieces
  2678 | D        | Bought a potion of resistance for 100 gold pieces
  2678 | D        | Bought a potion of haste for 100 gold pieces
  2678 | D        | Bought a potion of agility for 40 gold pieces
  2678 | D        | Bought a potion of heal wounds for 50 gold pieces
  2679 | D        | Noticed an orc high priest
  2692 | D        | Killed an orc high priest
  2692 | D        | Reached XP level 12. HP: 55/84 MP: 8/16
  2724 | D        | Bought a scroll of remove curse for 36 gold pieces
  2724 | D        | Bought a scroll of enchant weapon for 90 gold pieces
  2724 | D        | Bought a scroll of enchant armour for 90 gold pieces
  2724 | D        | Bought a scroll of identify for 24 gold pieces
  2724 | D        | Bought a scroll of identify for 24 gold pieces
  2724 | D        | Bought a scroll of fog for 24 gold pieces
  2724 | D        | Bought a scroll of enchant weapon for 90 gold pieces
  2724 | D        | Bought a scroll of fear for 42 gold pieces
  2724 | D        | Bought a scroll of fear for 42 gold pieces
  2726 | D        | Bought an uncursed amulet of regeneration for 420 gold pieces
  3532 | D        | Noticed Josephine
  3539 | D        | Noticed Harold
  3548 | D        | Killed Josephine
  3548 | D        | Reached skill level 5 in Evocations
  3558 | D        | Received a gift from Okawaru
  3567 | D        | Killed Harold
  4261 | D        | Noticed a catoblepas
  4261 | D        | Noticed an ogre mage
  4265 | D        | Noticed a centaur warrior
  4270 | D        | Noticed an ogre mage
  4273 | D        | Killed a catoblepas
  4282 | D        | Noticed a frost giant
  4295 | D        | Noticed an ogre mage
  4296 | D        | Killed from afar by an ogre mage

Vault maps used:
D:        linesprint

Skill      XL: |  1  2  3  4  5  6  7  8  9 10 11 12 |
---------------+-------------------------------------+-----
Fighting       | 4 5 6 7 9 10 11 12 13 14 | 14.3
Armour         | 4 5 6 7 9 10 11 12 13 14 | 14.3
Maces & Flails | 3 4 5 6 7 9 10 11 12 | 12.9
Throwing       | 1 2 3 4 5 6 7 8 |  8.4
Dodging        | 1 2 3 4 5 6 7 |  7.7
Stealth        | 1 2 4 5 6 7 8 9 10 | 10.8
Shields        | 4 5 6 7 9 10 11 12 13 14 | 14.2
Invocations    | 3 5 6 |  6.7
Evocations     | 2 4 5 |  5.4

Action                   |  1- 3 |  4- 6 |  7- 9 | 10-12 || total
-------------------------+-------+-------+-------+-------++-------
Melee: Flail             |    43 |    38 |    13 |       ||    94
       Morningstar       |       |       |    56 |   302 ||   358
       Peck              |       |       |    15 |    78 ||    93
Throw: Stone             |     1 |       |       |    19 ||    20
       Javelin           |       |       |       |    11 ||    11
       Tomahawk          |       |       |       |     4 ||     4
Invok: Heroism           |       |       |     2 |    11 ||    13
       Finesse           |       |       |       |     8 ||     8
  Use: Potion            |       |     1 |       |     1 ||     2
       Scroll            |       |       |       |     1 ||     1
  Eat: Chunk             |       |       |     6 |     5 ||    11
       Fruit             |       |       |       |    11 ||    11
Armor: Scale mail        |    24 |    32 |    10 |       ||    66
       Plate armour      |       |       |    11 |    43 ||    54
Dodge: Dodged            |     8 |     5 |    26 |    28 ||    67
Block: Shield            |    15 |    18 |    42 |   142 ||   217

Table legend:
 A = Spawn XP
 B = Non-spawn XP
 C = Spawn XP percentage of total XP
 D = Spawn monster count
 E = Non-spawn monster count
 F = Spawn count percentage of total count
 G = Total turns spent on level
                    A         B        C        D         E        F      G
               +---------+---------+-------+---------+---------+-------+---------
         Total |       0 |   23946 |   0.0 |       0 |     101 |   0.0 |  4296
               +---------+---------+-------+---------+---------+-------+---------
             D |       0 |   23946 |   0.0 |       0 |     101 |   0.0 |  4296
               +---------+---------+-------+---------+---------+-------+---------
